[Event "Tuesday 16 January Rapid Engine Tour 12+1 Rounds 9 Starts 1600 ST"]
[Site "Infinity Chess"]
[Date "2018.1.16"]
[Round "2"]
[White "Satria_Ungu"]
[Black "Longin"]
[Result "1/2-1/2"]
[ECO "A05"]
[WhiteElo "2428"]
[BlackElo "2426"]
[WhiteEngine "Houdini 6"]
[BlackEngine "S_XPrO.251117.x64.POPCNT_CTG"]
[EventType "Swiss"]
[WhiteTeam ""]
[BlackTeam ""]
[PlyCount "125"]
[TimeControl "720+1"]

1. Nf3 Nf6 2. d4 d5 3. e3 e6 4. c4 c5 5. a3 a6 6. dxc5 Bxc5 7. Nc3 Bd6 
8. cxd5 exd5 9. b4 O-O 10. Be2 a5 11. bxa5 Rxa5 12. O-O Nc6 13. Nb5 Bb8 
14. Bb2 Ne4 15. Qb3 Be6 16. Rfc1 Bg4 17. Rc2 Qd7 18. Nbd4 Nxd4 19. Nxd4 Bxe2 
20. Nxe2 Rc5 21. Rxc5 Nxc5 22. Qd1 Rc8 23. Rc1 Rc6 24. Bxg7 Qc7 25. Bb2 Qxh2+ 
26. Kf1 Ne6 27. Ng1 Rxc1 28. Qxc1 Qc7 29. Qd1 Qc4+ 30. Ne2 b5 31. Kg1 Bd6 
32. g3 Qg4 33. Qd2 b4 34. axb4 Bxb4 35. Qd3 Qc4 36. Qd1 Qg4 37. Qc2 Qc4 
38. Qa4 Bf8 39. Qd1 Qg4 40. Kg2 Qe4+ 41. Kh2 Qf3 42. Qe1 Ng5 43. Ng1 Qf5 
44. Kg2 Bg7 45. Bxg7 Kxg7 46. Qe2 h6 47. g4 Qe6 48. f3 f5 49. Qb2+ Kf7 
50. Qb7+ Kf6 51. gxf5 Qxf5 52. Qc6+ Qe6 53. Qc3+ Kg6 54. Qc2+ Qf5 55. Qxf5+ Kxf5 
56. Ne2 Kf6 57. Nf4 Ke5 58. Nd3+ Kf5 59. e4+ dxe4 60. fxe4+ Kxe4 61. Nb4 h5 
62. Kg3 Ne6 63. Kh4 1/2-1/2

[Event "Tuesday 16 January Rapid Engine Tour 12+1 Rounds 9 Starts 1600 ST"]
[Site "Infinity Chess"]
[Date "2018.1.16"]
[Round "2"]
[White "hafaba"]
[Black "KULLANI"]
[Result "1/2-1/2"]
[ECO "D10"]
[WhiteElo "2435"]
[BlackElo "2430"]
[WhiteEngine "Stockfish SL 07012018 POPCNT_CTG"]
[BlackEngine "BrainFish_180106_x64_CTG"]
[EventType "Swiss"]
[WhiteTeam ""]
[BlackTeam ""]
[PlyCount "70"]
[TimeControl "720+1"]

1. d4 d5 2. c4 c6 3. cxd5 cxd5 4. Bf4 Nc6 5. e3 Nf6 6. Nc3 a6 7. Bd3 Bg4 
8. Nge2 Bh5 9. O-O e6 10. Rc1 Be7 11. Na4 Bg6 12. Bxg6 hxg6 13. Qb3 Na5 
14. Qd3 Rc8 15. Rxc8 Qxc8 16. Rc1 Nc6 17. Qb3 O-O 18. Bg5 Re8 19. f3 Nd7 
20. Bxe7 Rxe7 21. Nb6 Qd8 22. Na4 Qb8 23. h3 g5 24. Kf2 Qc7 25. a3 Re8 
26. Qd3 e5 27. Qc3 Qd8 28. Nc5 Nxc5 29. Qxc5 Qf6 30. b3 exd4 31. Nxd4 Ne5 
32. Ke2 Ng6 33. Kf2 Ne5 34. Ke2 Ng6 35. Kf2 Ne5 1/2-1/2

[Event "Tuesday 16 January Rapid Engine Tour 12+1 Rounds 9 Starts 1600 ST"]
[Site "Infinity Chess"]
[Date "2018.1.16"]
[Round "2"]
[White "Ninja_Bp"]
[Black "ivrdurant"]
[Result "1-0"]
[ECO "A04"]
[WhiteElo "2447"]
[BlackElo "2436"]
[WhiteEngine "Houdini 6"]
[BlackEngine "Raubfisch X37b1._CTG"]
[EventType "Swiss"]
[WhiteTeam ""]
[BlackTeam ""]
[PlyCount "277"]
[TimeControl "720+1"]

1. Nf3 Nc6 2. d4 d5 3. e3 e6 4. b3 Nf6 5. Bb2 Be7 6. c4 O-O 7. Be2 Na5 8. c5 b6 
9. a3 bxc5 10. dxc5 Rb8 11. Nbd2 Nc4 12. Nxc4 dxc4 13. Qxd8 Rxd8 14. b4 a5 
15. Be5 Ne8 16. bxa5 Bxc5 17. O-O Nd6 18. Rfc1 f6 19. Bd4 Rb5 20. Bc3 Ba6 
21. Nd2 Rb7 22. Bf3 Rbb8 23. h3 Kf7 24. Be2 Rb7 25. Bh5+ Ke7 26. Bf3 Rbb8 
27. Be2 Kd7 28. Kh2 Rb7 29. h4 c6 30. g3 e5 31. Kh3 Kc7 32. Kg2 Rdb8 33. Bf3 Ra8 
34. Rc2 Rab8 35. Bd1 Rd8 36. Bg4 Rbb8 37. Be2 Re8 38. h5 Red8 39. Kf3 Re8 
40. h6 g5 41. g4 Rf8 42. Bb2 Rfd8 43. Bc1 Ra8 44. Nxc4 Bxc4 45. Bxc4 Nxc4 
46. Rxc4 Rxa5 47. Ke4 Bf8 48. Ra2 Ra6 49. Rac2 Rb8 50. Kf5 c5 51. R2c3 Rc6 
52. e4 Rb7 53. Be3 Rb5 54. Rc2 Be7 55. Ra4 Kb8 56. Rcc4 Kb7 57. Rc3 Kb8 
58. Rd3 Rb7 59. Ra5 c4 60. Rc3 Rbc7 61. Ra4 Bf8 62. Rc1 Bxh6 63. Rb1+ Rb7 
64. Rxb7+ Kxb7 65. Ra7+ Kb8 66. Rf7 c3 67. Rxf6 Kc7 68. Rf7+ Kb8 69. Bc1 c2 
70. Kxe5 Rc8 71. Rxh7 Bf8 72. Kd4 Bc5+ 73. Kd3 Bxf2 74. Rh2 Rd8+ 75. Kxc2 Bh4 
76. Rd2 Rc8+ 77. Kd1 Rf8 78. Rd5 Rf1+ 79. Kc2 Rf2+ 80. Kd3 Rf3+ 81. Be3 Bf2 
82. Ke2 Rxe3+ 83. Kxf2 Rxe4 84. Rxg5 Ra4 85. Rg8+ Kc7 86. g5 Kd6 87. Rd8+ Ke7 
88. Rd3 Kf7 89. Rg3 Kg6 90. Ke1 Rd4 91. Ke2 Rd5 92. Ke3 Ra5 93. Kd4 Kg7 
94. g6 Ra8 95. Kc4 Kg8 96. g7 Rc8+ 97. Kb3 Ra8 98. a4 Ra6 99. Rg5 Ra7 
100. a5 Ra8 101. Rb5 Kxg7 102. Ka4 Kf7 103. Rb6 Ke7 104. a6 Kd7 105. Rb7+ Kc6 
106. Ka5 Re8 107. Rb6+ Kd7 108. a7 Kc7 109. Ka6 Re1 110. Rc6+ Kxc6 
111. a8=Q+ Kc5 112. Qa7+ Kc4 113. Qc7+ Kd3 114. Qd6+ Ke2 115. Kb5 Kf3 
116. Qf6+ Ke3 117. Qc3+ Kf2 118. Qd2+ Re2 119. Qf4+ Kg2 120. Kc4 Ra2 
121. Qd6 Rf2 122. Kd3 Kf1 123. Qd5 Rg2 124. Ke3 Re2+ 125. Kf3 Rf2+ 126. Kg3 Ke1 
127. Qh1+ Rf1 128. Qh6 Kd1 129. Qa6 Rg1+ 130. Kf2 Rg5 131. Qe2+ Kc1 
132. Qe3+ Kb1 133. Qxg5 Kb2 134. Qe3 Kc2 135. Ke1 Kb2 136. Kd1 Kb1 137. Qd2 Ka1 
138. Kc2 Ka2 139. Qa5# 1-0

[Event "Tuesday 16 January Rapid Engine Tour 12+1 Rounds 9 Starts 1600 ST"]
[Site "Infinity Chess"]
[Date "2018.1.16"]
[Round "2"]
[White "incredible"]
[Black "KhalidOmar"]
[Result "1/2-1/2"]
[ECO "D31"]
[WhiteElo "2446"]
[BlackElo "2447"]
[WhiteEngine "Stockfish_x64_bmi2"]
[BlackEngine "Eman 1.62 64-bit BMI2"]
[EventType "Swiss"]
[WhiteTeam ""]
[BlackTeam ""]
[PlyCount "79"]
[TimeControl "720+1"]

1. d4 d5 2. c4 e6 3. Nc3 c6 4. Nf3 Nf6 5. Bg5 h6 6. Bxf6 Qxf6 7. e3 g6 
8. Bd3 Nd7 9. e4 dxe4 10. Nxe4 Qg7 11. O-O Be7 12. c5 O-O 13. Qb3 e5 
14. Nxe5 Nxe5 15. dxe5 Qxe5 16. Rfe1 Bxc5 17. Nxc5 Qxc5 18. Bxg6 Be6 
19. Qc2 Qxc2 20. Bxc2 Rfd8 21. Rad1 Kg7 22. a3 a5 23. f3 c5 24. Rxd8 Rxd8 
25. Rd1 Rxd1+ 26. Bxd1 b5 27. Kf2 Kg6 28. Ke3 b4 29. Be2 Kf6 30. Bd1 c4 
31. axb4 axb4 32. Be2 Kg5 33. f4+ Kh4 34. Kd4 c3 35. bxc3 bxc3 36. Kxc3 Bd5 
37. g3+ Kh3 38. g4 Kxh2 39. g5 hxg5 40. fxg5 1/2-1/2

[Event "Tuesday 16 January Rapid Engine Tour 12+1 Rounds 9 Starts 1600 ST"]
[Site "Infinity Chess"]
[Date "2018.1.16"]
[Round "2"]
[White "Neoxium"]
[Black "Wolle"]
[Result "1/2-1/2"]
[ECO "D10"]
[WhiteElo "2448"]
[BlackElo "2455"]
[WhiteEngine "SF SL FA-IDeA"]
[BlackEngine "Raubfisch X37a2_CTG"]
[EventType "Swiss"]
[WhiteTeam ""]
[BlackTeam ""]
[PlyCount "243"]
[TimeControl "720+1"]

1. d4 d5 2. c4 c6 3. Nc3 Nf6 4. cxd5 cxd5 5. Bf4 a6 6. e3 Nc6 7. Bd3 Bg4 
8. Nge2 e6 9. Rc1 Bh5 10. O-O Bg6 11. Na4 Be7 12. Bxg6 hxg6 13. h3 O-O 
14. Qb3 Qe8 15. Nb6 Ra7 16. Bc7 Ne4 17. Rfd1 Bd6 18. Bxd6 Nxd6 19. Nf4 Qd8 
20. Na4 Ra8 21. Nd3 Rc8 22. Rc2 Na5 23. Rxc8 Qxc8 24. Qa3 Qd8 25. Rc1 Nc6 
26. Nb4 Ne7 27. Nd3 Nc6 28. Qc5 g5 29. Nb4 Nxb4 30. Qxb4 Qe7 31. b3 Kh7 
32. Qa5 Rc8 33. Rxc8 Nxc8 34. Nc5 Nd6 35. Kf1 Kg6 36. Qb6 Kh7 37. Kg1 Kg8 
38. a3 Kh7 39. g4 Kg6 40. a4 Kh7 41. Kf1 Kg8 42. Kg2 Kh7 43. Kg1 Kh8 44. Qa5 Kg8 
45. Kg2 Kh7 46. Qb6 Kg6 47. Kg1 Kh7 48. Kf1 Kh8 49. a5 Kh7 50. Kg2 Kg6 
51. Qb4 Qc7 52. Qb6 Qe7 53. Qb4 Qc7 54. Qc3 Qe7 55. Qc2+ Kh6 56. Kg1 Qf6 
57. Kh2 Qd8 58. b4 g6 59. Kg2 Qe7 60. Qa4 Nb5 61. Nd3 Qc7 62. Nc5 Kg7 
63. Qc2 Qe7 64. Qd3 Nd6 65. Qa3 Nb5 66. Qa4 e5 67. dxe5 Qxe5 68. Qb3 d4 
69. e4 Nc7 70. Qg3 Qe7 71. Kf1 Nb5 72. Kg2 Nc3 73. Qf3 Qe5 74. Qd3 Qd6 
75. Qd2 Qe5 76. f3 Kh7 77. Qd3 Qd6 78. Qf1 Kg8 79. Qe1 Qf4 80. Nd7 Kh7 
81. Nc5 Kg7 82. Qf2 Qd6 83. Qd2 Kh7 84. Nd3 Qe7 85. Qe1 Qd7 86. Qg1 Ne2 
87. Qf1 Nc3 88. Nc5 Qd6 89. Qe1 Qe5 90. Qg3 Qe7 91. Nd3 Qe6 92. Qf2 Qf6 
93. Qd2 Kg8 94. Nc5 Qd6 95. Qxg5 d3 96. e5 Qd4 97. Nb3 Qxb4 98. Qd8+ Kh7 
99. Qh4+ Kg8 100. Qd8+ Kg7 101. Qf6+ Kg8 102. Qh4 Qf8 103. Nd2 Qc8 104. Qg5 Nd5 
105. Ne4 Qc2+ 106. Kg3 Qc7 107. h4 Qxa5 108. e6 Qe1+ 109. Kh2 Qe2+ 110. Kg1 fxe6 
111. Qxg6+ Kf8 112. Qh6+ Ke7 113. Qg7+ Ke8 114. Qg8+ Kd7 115. Qf7+ Ne7 
116. Nf6+ Kd6 117. Ne4+ Kd7 118. Qf4 Qe1+ 119. Kh2 Qe2+ 120. Kg1 Qe1+ 
121. Kh2 Qe2+ 122. Kg1 1/2-1/2

[Event "Tuesday 16 January Rapid Engine Tour 12+1 Rounds 9 Starts 1600 ST"]
[Site "Infinity Chess"]
[Date "2018.1.16"]
[Round "2"]
[White "RonWeasley"]
[Black "SkyPilot"]
[Result "0-1"]
[ECO "C55"]
[WhiteElo "2460"]
[BlackElo "2465"]
[WhiteEngine "BrainFish 130117_CTG"]
[BlackEngine "stockfish_x64_bmi2_2018_01_13_CTG"]
[EventType "Swiss"]
[WhiteTeam ""]
[BlackTeam ""]
[PlyCount "192"]
[TimeControl "720+1"]

1. e4 e5 2. Nf3 Nc6 3. Bc4 Nf6 4. d3 Bc5 5. c3 d6 6. Bb3 a6 7. Nbd2 O-O 
8. O-O Ba7 9. Re1 b5 10. Nf1 Na5 11. Bc2 c5 12. h3 Be6 13. Bg5 h6 14. Bh4 Kh8 
15. Ng3 Rg8 16. Nf5 Bb6 17. a4 b4 18. Rc1 g5 19. Bg3 b3 20. Bb1 Bxf5 
21. exf5 Rc8 22. Nd2 Kg7 23. h4 Rh8 24. Nxb3 Nxb3 25. Qxb3 a5 26. Re2 Rb8 
27. Qd1 Qd7 28. b3 Rbc8 29. c4 Ng8 30. Re1 f6 31. Bh2 Ne7 32. Qh5 Rcg8 
33. Rf1 Bc7 34. d4 cxd4 35. Be4 Bb6 36. Bg3 Bc5 37. Rce1 Rh7 38. Kh1 Bb4 
39. Re2 Qe8 40. Qxe8 Rxe8 41. Rc2 Rc8 42. f3 Rhh8 43. Rb1 Nc6 44. Rcc1 Bd2 
45. Rc2 Bc3 46. Bf2 Nb4 47. Rxc3 dxc3 48. Bb6 Nc6 49. Rc1 Rb8 50. Be3 Nd4 
51. Rxc3 Nxb3 52. Bc6 Rb4 53. Rd3 Rd8 54. h5 Kf7 55. Rd1 Ke7 56. Bb5 d5 
57. cxd5 Kd6 58. Kh2 Rc8 59. Bb6 g4 60. fxg4 Rxg4 61. g3 Rg5 62. Bc6 Rxh5+ 
63. Kg2 Rxf5 64. Rd3 Nd4 65. Bxd4 exd4 66. Rxd4 h5 67. Kh3 Rg8 68. Rd3 Rg4 
69. Re3 Rd4 70. Re6+ Kc5 71. Be8 Rdxd5 72. Rc6+ Kb4 73. Rc1 Rde5 74. Bb5 Re3 
75. Rg1 Rg5 76. Rg2 Rg4 77. Be2 Rg7 78. Bb5 h4 79. Kxh4 Re4+ 80. Kh5 Reg4 
81. Kh6 R4g6+ 82. Kh5 Rxg3 83. Rxg3 Rxg3 84. Bd7 Ra3 85. Kg6 Rxa4 86. Be6 Ra1 
87. Bc8 Ra2 88. Bf5 Rg2+ 89. Kh7 a4 90. Kh8 a3 91. Kh7 a2 92. Kh6 a1=Q 
93. Bg6 Qa7 94. Kh5 Qe3 95. Kh4 Rxg6 96. Kh5 Qg5# 0-1

[Event "Tuesday 16 January Rapid Engine Tour 12+1 Rounds 9 Starts 1600 ST"]
[Site "Infinity Chess"]
[Date "2018.1.16"]
[Round "2"]
[White "Eman"]
[Black "Thor"]
[Result "1/2-1/2"]
[ECO "B32"]
[WhiteElo "2468"]
[BlackElo "2471"]
[WhiteEngine "Eman 1.62 64-bit POPCNT"]
[BlackEngine "BrainFish_180113_x64_bmi2"]
[EventType "Swiss"]
[WhiteTeam ""]
[BlackTeam ""]
[PlyCount "199"]
[TimeControl "720+1"]

1. e4 c5 2. Nf3 Nc6 3. d4 cxd4 4. Nxd4 e5 5. Nb5 d6 6. c4 Nf6 7. N5c3 a6 
8. Bd3 Be7 9. O-O O-O 10. Be3 Ng4 11. Bd2 Bh4 12. Be1 Nf6 13. Nd2 Bg5 14. h3 Be6 
15. Nf3 Bh6 16. Bd2 Bxd2 17. Qxd2 Qa5 18. Rfd1 Rac8 19. Rab1 Rfd8 20. b3 h6 
21. a4 Qb4 22. Ne1 Nd4 23. Nc2 Nxc2 24. Qxc2 g6 25. Qd2 Kg7 26. Qb2 Bd7 
27. Re1 Be6 28. Kh2 Qc5 29. Rbd1 Nd7 30. g3 Qb6 31. Bf1 Nc5 32. Rb1 a5 
33. Red1 Rd7 34. Bg2 Kh7 35. Rd2 Qd8 36. Nb5 Qe7 37. Qc3 b6 38. Rbd1 Rcd8 
39. Rf1 Rf8 40. Rfd1 Rfd8 41. Rf1 Rf8 42. Qe3 f6 43. Bf3 Rfd8 44. Bg2 Rf8 
45. Kg1 h5 46. Kh2 Qg7 47. f4 Qh6 48. h4 Rfd8 49. Kh1 Bg4 50. Nc3 Rf7 
51. Nd5 Re8 52. f5 Nxb3 53. Rb2 Qxe3 54. Nxe3 Nc5 55. Rxb6 Rd7 56. Rb5 Ra8 
57. Nd5 Rf7 58. Nc3 Kg7 59. Kg1 Rfa7 60. Rf2 Rc8 61. Rb6 Ra6 62. Rb5 Rc7 
63. Rf1 Rca7 64. Rf2 Rc7 65. Rf1 Raa7 66. Rb6 Nd7 67. Rxd6 Rxc4 68. Nd5 gxf5 
69. exf5 Rxa4 70. Re6 Nf8 71. Rxf6 Ra3 72. Rc1 Rxg3 73. Rc8 Bf3 74. Kf2 Bxg2 
75. Kxg3 Bxd5 76. Rfxf8 a4 77. Rfd8 Bb3 78. Ra8 Rxa8 79. Rxa8 Kf6 80. Ra5 Kxf5 
81. Kf3 Bd1+ 82. Kf2 Bb3 83. Ke3 Bd1 84. Kd2 Bb3 85. Ke3 Kg4 86. Kf2 Kxh4 
87. Rxe5 a3 88. Ra5 a2 89. Ke3 Kg4 90. Kf2 Bd5 91. Ra3 h4 92. Ra4+ Kh3 
93. Ra3+ Kh2 94. Ra6 h3 95. Ra5 Bb3 96. Ra3 Bg8 97. Ra6 Kh1 98. Kg3 Kg1 
99. Rxa2 Bxa2 100. Kxh3 1/2-1/2

[Event "Tuesday 16 January Rapid Engine Tour 12+1 Rounds 9 Starts 1600 ST"]
[Site "Infinity Chess"]
[Date "2018.1.16"]
[Round "2"]
[White "angriff"]
[Black "Vimtiroba"]
[Result "1/2-1/2"]
[ECO "C60"]
[WhiteElo "2471"]
[BlackElo "2479"]
[WhiteEngine "Raubfisch ME262_GTZ16b1_CTG"]
[BlackEngine "CChess@EX_CTG"]
[EventType "Swiss"]
[WhiteTeam ""]
[BlackTeam ""]
[PlyCount "37"]
[TimeControl "720+1"]

1. e4 e5 2. Nf3 Nc6 3. Bb5 Be7 4. O-O a6 5. Bxc6 dxc6 6. h3 g5 7. Nxe5 Qd4 
8. Nd3 Nf6 9. Nc3 Rg8 10. Qf3 g4 11. hxg4 Bxg4 12. Qe3 Qxe3 13. fxe3 Nh5 
14. b3 Bh4 15. Bb2 Ng3 16. Rf2 Nh5 17. Rff1 Ng3 18. Rf4 Nh5 19. Rff1 1/2-1/2

[Event "Tuesday 16 January Rapid Engine Tour 12+1 Rounds 9 Starts 1600 ST"]
[Site "Infinity Chess"]
[Date "2018.1.16"]
[Round "2"]
[White "THE_MACHINE"]
[Black "Harry_Potter"]
[Result "1/2-1/2"]
[ECO "C53"]
[WhiteElo "2486"]
[BlackElo "2495"]
[WhiteEngine "Houdini 6"]
[BlackEngine "Stockfish_18011309_x64_bmi2_CTG"]
[EventType "Swiss"]
[WhiteTeam ""]
[BlackTeam ""]
[PlyCount "132"]
[TimeControl "720+1"]

1. e4 e5 2. Nf3 Nc6 3. Bc4 Bc5 4. c3 Nf6 5. d4 exd4 6. e5 d5 7. Bb5 Ne4 
8. cxd4 Bb6 9. O-O Bg4 10. a4 a5 11. Nc3 O-O 12. Bxc6 bxc6 13. h3 Bh5 14. Be3 f6 
15. g4 Be8 16. exf6 Nxf6 17. Rc1 Qd6 18. Ne5 Nd7 19. f4 Nxe5 20. fxe5 Rxf1+ 
21. Qxf1 Qb4 22. Qf2 Bg6 23. Rd1 Ba7 24. Qe2 Qe7 25. Rd2 Rf8 26. Qe1 Rd8 
27. Kh2 Bf7 28. Re2 Rb8 29. Qd2 h6 30. Qd3 Rb4 31. Na2 Rb8 32. Nc3 Qe8 
33. Bf2 Rb4 34. Qg3 Be6 35. Rd2 Rb3 36. Kg2 Bb8 37. Qf3 c5 38. dxc5 c6 
39. Bd4 Bc7 40. Rf2 Bf7 41. Kg1 Rb4 42. Ne2 Rxa4 43. Qe3 Bd8 44. Nf4 Bg5 
45. Qd3 Rb4 46. Kg2 Bxf4 47. Rxf4 Bg6 48. Qc3 Be4+ 49. Kg1 Qe6 50. Rf2 Kh7 
51. Rf4 Qg6 52. Kh2 Qe8 53. Qd2 Rb3 54. Bc3 a4 55. Qd4 Qe6 56. Kg3 a3 
57. bxa3 Rxa3 58. h4 Rb3 59. h5 Qe7 60. e6 Qc7 61. Qe3 Rb1 62. Qd4 Rb3 
63. Qe3 Kg8 64. Qd4 Bh7 65. Qe3 Be4 66. Qd4 Kh7 1/2-1/2

[Event "Tuesday 16 January Rapid Engine Tour 12+1 Rounds 9 Starts 1600 ST"]
[Site "Infinity Chess"]
[Date "2018.1.16"]
[Round "1"]
[White "zzsam_Mat_Pahang"]
[Black "incredible"]
[Result "1/2-1/2"]
[ECO "A04"]
[WhiteElo "2364"]
[BlackElo "2449"]
[WhiteEngine "Houdini 6"]
[BlackEngine "Stockfish_x64_bmi2"]
[EventType "Swiss"]
[WhiteTeam ""]
[BlackTeam ""]
[PlyCount "117"]
[TimeControl "720+1"]

1. Nf3 e6 2. d4 Nf6 3. Bf4 d5 4. Nbd2 c5 5. c3 Bd6 6. e3 Nc6 7. Bxd6 Qxd6 
8. Bb5 Bd7 9. Qb3 c4 10. Qd1 a6 11. Bxc6 Bxc6 12. Ne5 Nd7 13. f4 O-O 14. Qf3 a5 
15. O-O b5 16. e4 dxe4 17. Nxe4 Bxe4 18. Qxe4 Nf6 19. Qe2 Nd5 20. g3 Rfc8 
21. Rae1 g6 22. Rc1 b4 23. Rc2 bxc3 24. bxc3 Rab8 25. g4 Qc7 26. g5 a4 27. h4 a3 
28. h5 Rb5 29. h6 Rb6 30. Kh2 Kh8 31. Qe1 Kg8 32. Qe2 Kh8 33. Qe1 Rb7 
34. Qc1 Qd6 35. Kg1 Kg8 36. Rcf2 Rb5 37. Ng4 Kf8 38. Ne5 Qa6 39. Ng4 Rc7 
40. Qe1 Qd6 41. Ne5 Ke7 42. Rc2 Qa6 43. f5 gxf5 44. g6 fxg6 45. Nxg6+ Kd7 
46. Nf8+ Kc8 47. Rg2 Re7 48. Rg7 Qd6 49. Nxh7 e5 50. Qh4 Rb6 51. Rxf5 exd4 
52. Qg4 Kb7 53. Qf3 Rxg7+ 54. hxg7 Rb1+ 55. Kg2 Rb2+ 56. Kf1 Rb1+ 57. Kg2 Rb2+ 
58. Kf1 Rb1+ 59. Kg2 1/2-1/2

[Event "Tuesday 16 January Rapid Engine Tour 12+1 Rounds 9 Starts 1600 ST"]
[Site "Infinity Chess"]
[Date "2018.1.16"]
[Round "1"]
[White "KhalidOmar"]
[Black "IronMan"]
[Result "1/2-1/2"]
[ECO "C77"]
[WhiteElo "2450"]
[BlackElo "2369"]
[WhiteEngine "Eman 1.62 64-bit BMI2"]
[BlackEngine "Eman 1.58 64-bit BMI2"]
[EventType "Swiss"]
[WhiteTeam ""]
[BlackTeam ""]
[PlyCount "168"]
[TimeControl "720+1"]

1. e4 e5 2. Nf3 Nc6 3. Bb5 a6 4. Ba4 Nf6 5. O-O b5 6. Bb3 Bb7 7. d3 Bc5 
8. c3 O-O 9. Bg5 Be7 10. a4 h6 11. Bh4 d6 12. Na3 b4 13. Nc4 Rb8 14. Ne3 Bc8 
15. Bc2 Ng4 16. Bg3 bxc3 17. bxc3 Nxe3 18. fxe3 Na5 19. d4 Be6 20. Qe2 Rb2 
21. Rfb1 Qb8 22. dxe5 Ba2 23. Rxb2 Qxb2 24. Rd1 Bc4 25. Qf2 Qxc3 26. exd6 Bxd6 
27. Bxd6 cxd6 28. Qd2 Qxd2 29. Rxd2 Rd8 30. Kf2 Kf8 31. h4 Be6 32. Rd1 Nc4 
33. e5 Ke7 34. exd6+ Rxd6 35. Rb1 Na3 36. Rb7+ Rd7 37. Rb2 Nxc2 38. Rxc2 Bb3 
39. Rc6 Rd6 40. Rc7+ Rd7 41. Rc6 Rd6 42. Rc7+ Ke8 43. a5 Rd5 44. e4 Rxa5 
45. Nd4 Ba2 46. Nf5 g6 47. Nxh6 Rh5 48. Ng4 Rxh4 49. Nf6+ Kf8 50. g4 Kg7 
51. g5 Rh8 52. Ra7 Bc4 53. Ke3 Rb8 54. Kd4 Rc8 55. e5 Bb3 56. Rxa6 Be6 
57. Ra3 Bf5 58. Ra7 Be6 59. Ke3 Rc5 60. Ke4 Rc8 61. Kd3 Rd8+ 62. Ke3 Rh8 
63. Ne4 Rh5 64. Nc5 Rh3+ 65. Kd4 Rh4+ 66. Ke3 Bf5 67. e6 Kf8 68. exf7 Kg7 
69. Ra6 Kxf7 70. Ra2 Rh3+ 71. Kf4 Rh4+ 72. Ke5 Rh3 73. Rf2 Re3+ 74. Kd4 Rh3 
75. Ke5 Rh4 76. Nb3 Kg8 77. Nc5 Rh3 78. Kf6 Rh7 79. Nb3 Rf7+ 80. Ke5 Bg4 
81. Rxf7 Kxf7 82. Na1 Ke7 83. Nc2 Bd1 84. Nd4 Ba4 1/2-1/2

[Event "Tuesday 16 January Rapid Engine Tour 12+1 Rounds 9 Starts 1600 ST"]
[Site "Infinity Chess"]
[Date "2018.1.16"]
[Round "1"]
[White "Dovahkiin"]
[Black "Neoxium"]
[Result "1/2-1/2"]
[ECO "B90"]
[WhiteElo "2369"]
[BlackElo "2451"]
[WhiteEngine "BrainFish_180113_x64_modern_CTG"]
[BlackEngine "SF SL FA-IDeA"]
[EventType "Swiss"]
[WhiteTeam ""]
[BlackTeam ""]
[PlyCount "136"]
[TimeControl "720+1"]

1. e4 c5 2. Nf3 d6 3. d4 cxd4 4. Nxd4 Nf6 5. Nc3 a6 6. Be3 e5 7. Nb3 Be7 
8. Be2 h6 9. Nd2 b5 10. a4 b4 11. Nd5 Nxd5 12. exd5 Bg5 13. Bxg5 hxg5 14. a5 Nd7 
15. Ne4 Nf6 16. Nxg5 Bf5 17. O-O Qc8 18. Bd3 Rh4 19. Qd2 Kf8 20. Rac1 Rg4 
21. Rfe1 Bxd3 22. cxd3 Qf5 23. Ne4 Nxe4 24. Rxe4 Rxe4 25. dxe4 Qxe4 26. h3 g6 
27. Rc6 Qd4 28. Qxd4 exd4 29. Rb6 d3 30. Rxb4 Ke7 31. Kf1 Rc8 32. Ke1 Rc2 
33. Re4+ Kf6 34. b4 Rb2 35. g3 Kf5 36. f3 g5 37. h4 gxh4 38. gxh4 Kf6 
39. Kd1 Rh2 40. Ke1 Rb2 41. Kd1 Rh2 42. h5 Rxh5 43. Kd2 Rxd5 44. Rf4+ Kg6 
45. Rc4 Kf5 46. Rc6 Rd4 47. Rxa6 Rxb4 48. Kxd3 Rf4 49. Ke2 Ra4 50. Kd3 Ke5 
51. Ra8 d5 52. Kc3 d4+ 53. Kb3 Ra1 54. Kc4 Rc1+ 55. Kb5 d3 56. Rd8 Rb1+ 
57. Kc4 Rc1+ 58. Kb3 Rb1+ 59. Kc4 Rc1+ 60. Kb3 Rd1 61. Ka2 Rd2+ 62. Kb3 Rd1 
63. Kc4 d2 64. Kc3 Ra1 65. Kxd2 Rxa5 66. Ke3 f6 67. Rd3 f5 68. f4+ Kf6 1/2-1/2

[Event "Tuesday 16 January Rapid Engine Tour 12+1 Rounds 9 Starts 1600 ST"]
[Site "Infinity Chess"]
[Date "2018.1.16"]
[Round "1"]
[White "Wolle"]
[Black "OlivierEvan"]
[Result "1/2-1/2"]
[ECO "C55"]
[WhiteElo "2458"]
[BlackElo "2380"]
[WhiteEngine "Raubfisch X37a2_CTG"]
[BlackEngine "Houdini 6"]
[EventType "Swiss"]
[WhiteTeam ""]
[BlackTeam ""]
[PlyCount "218"]
[TimeControl "720+1"]

1. e4 e5 2. Nf3 Nc6 3. Bc4 Nf6 4. d3 Bc5 5. c3 d6 6. O-O O-O 7. h3 a6 8. Re1 Ba7 
9. a4 h6 10. Nbd2 Nh5 11. Nf1 Qf6 12. N1h2 Qg6 13. g4 Be6 14. Bb3 Nf6 
15. Nh4 Qh7 16. N2f3 Rae8 17. Bc2 g6 18. Qd2 h5 19. g5 Nd7 20. Kh2 Qg7 21. b4 d5 
22. b5 Ne7 23. d4 exd4 24. cxd4 c5 25. Bb2 axb5 26. Rab1 cxd4 27. Nxd4 Ne5 
28. exd5 Bxd5 29. Nxb5 Nc4 30. Bxg7 Nxd2 31. Bxf8 Bb8+ 32. Kg1 Kxf8 33. Rbd1 Bf4 
34. Nd4 Bxg5 35. Re2 Bxh4 36. Rexd2 Bg5 37. Rd3 Rc8 38. Re1 b6 39. Bb3 Bxb3 
40. Rxb3 Rc4 41. Nf3 Bf4 42. Ra1 Bc7 43. Rd3 Nf5 44. Rd7 Bd6 45. Rd1 Be7 
46. Ra7 Kg7 47. Kg2 Rb4 48. Re1 Kf8 49. Ra8+ Kg7 50. Ra7 Kf8 51. Re5 Rb2 
52. Rb5 Re2 53. Ne5 Re1 54. Nd3 Rd1 55. Rd7 Nh4+ 56. Kh2 Bg5 57. Rb4 Ke8 
58. Rd5 Ra1 59. Rxb6 Rxa4 60. Rbb5 Ra3 61. Ra5 Rc3 62. Kg3 Bf6 63. Ra4 Nf5+ 
64. Kg2 Kf8 65. Rd7 Kg7 66. Nf4 Rc6 67. Raa7 Nh6 68. Ra4 Nf5 69. Raa7 Nh6 
70. Kf1 Rc1+ 71. Ke2 Rc2+ 72. Kf3 Rc6 73. Kg2 Bh4 74. Nd3 Rc2 75. Ra4 Bf6 
76. Rb4 Nf5 77. Rbb7 Nh6 78. Rb8 Nf5 79. Rbb7 Nh6 80. Kg3 Rc3 81. Kh2 Rc2 
82. Kg2 Ra2 83. Kf1 Ra1+ 84. Ke2 Ra4 85. Kf1 Ra1+ 86. Kg2 Ra2 87. Nc5 Bh4 
88. Ne4 Ra4 89. Nd2 Bg5 90. Nb3 Ra2 91. Nc5 Bh4 92. Ne4 Ra4 93. Nd2 Bg5 
94. Nf3 Bf6 95. Ne1 Ra5 96. Ra7 Rg5+ 97. Kf1 Rc5 98. Rac7 Ra5 99. Nd3 Ra1+ 
100. Rc1 Ra2 101. Kg1 Bh4 102. Rc4 Ra1+ 103. Kg2 Bf6 104. Rb4 Ra8 105. Rb6 Ra1 
106. Nc5 Ra2 107. Rb4 Nf5 108. Ne6+ Kg8 109. Rb8+ Bd8 1/2-1/2

[Event "Tuesday 16 January Rapid Engine Tour 12+1 Rounds 9 Starts 1600 ST"]
[Site "Infinity Chess"]
[Date "2018.1.16"]
[Round "1"]
[White "miguello"]
[Black "RonWeasley"]
[Result "1/2-1/2"]
[ECO "E10"]
[WhiteElo "2406"]
[BlackElo "2462"]
[WhiteEngine "asmFishW_2018-01-12_popcnt_CTG"]
[BlackEngine "BrainFish 130117_CTG"]
[EventType "Swiss"]
[WhiteTeam ""]
[BlackTeam ""]
[PlyCount "137"]
[TimeControl "720+1"]

1. d4 Nf6 2. c4 e6 3. Nf3 d5 4. g3 dxc4 5. Bg2 Bb4+ 6. Bd2 a5 7. Qc2 b6 
8. O-O Bb7 9. Bxb4 axb4 10. Qxc4 Nc6 11. Rc1 O-O 12. Nbd2 Nd5 13. e3 h6 
14. Ne1 Ra7 15. Nd3 Qd6 16. Qb3 Rfa8 17. Nc4 Qe7 18. a3 Qd8 19. h4 Qe8 
20. Kh2 Qe7 21. Kg1 Qe8 22. Nde5 bxa3 23. Rxa3 Rxa3 24. bxa3 Nde7 25. Qb5 Ba6 
26. Qb2 Bb7 27. Qb5 Ba6 28. Qb2 Bb7 29. Rc2 Ra7 30. Nd2 Nxe5 31. Rxc7 N5c6 
32. Qxb6 Qb8 33. Bxc6 Nxc6 34. Rxc6 Rxa3 35. Qb1 Qa8 36. Rc1 Ra2 37. Nc4 Qa6 
38. e4 Ra4 39. d5 Rxc4 40. Rxc4 Qxc4 41. Qxb7 Qxe4 42. Qc8+ Kh7 43. d6 Qe1+ 
44. Kg2 Qe4+ 45. Kh2 Qd4 46. Qb7 Qxf2+ 47. Kh3 Qf1+ 48. Kh2 Qf2+ 49. Kh3 Qf5+ 
50. Kh2 Qd3 51. Qc7 Qd2+ 52. Kg1 e5 53. d7 Qe1+ 54. Kh2 Qf2+ 55. Kh3 Qf1+ 
56. Kh2 Qe2+ 57. Kg1 Qe3+ 58. Kg2 Qd3 59. g4 Qe2+ 60. Kh3 g6 61. d8=Q Qf3+ 
62. Kh2 Qf2+ 63. Kh3 Qf3+ 64. Kh2 Qf2+ 65. Kh3 Qe3+ 66. Kg2 Qe2+ 67. Kh3 Qe3+ 
68. Kg2 Qe2+ 69. Kh3 1/2-1/2

[Event "Tuesday 16 January Rapid Engine Tour 12+1 Rounds 9 Starts 1600 ST"]
[Site "Infinity Chess"]
[Date "2018.1.16"]
[Round "1"]
[White "SkyPilot"]
[Black "MarioDeMonti"]
[Result "1/2-1/2"]
[ECO "B90"]
[WhiteElo "2467"]
[BlackElo "2421"]
[WhiteEngine "stockfish_x64_bmi2_2018_01_13_CTG"]
[BlackEngine "stockfish_x64_bmi2_2018_01_13_CTG"]
[EventType "Swiss"]
[WhiteTeam ""]
[BlackTeam ""]
[PlyCount "86"]
[TimeControl "720+1"]

1. e4 c5 2. Nf3 d6 3. d4 cxd4 4. Nxd4 Nf6 5. Nc3 a6 6. Be3 e5 7. Nb3 Be6 
8. h3 Be7 9. f4 Nc6 10. f5 Bxb3 11. axb3 Nb4 12. g3 Qc7 13. Bb5+ Kf8 14. Bc4 Rd8 
15. Nd5 Nfxd5 16. exd5 b5 17. Qd2 bxc4 18. Qxb4 cxb3 19. Qxb3 Rb8 20. Qc3 Bd8 
21. Kd2 a5 22. b3 Qd7 23. Qd3 Rb5 24. Rhd1 h6 25. c4 Rb4 26. Kc3 Ke7 27. Bd2 Rb7 
28. Kc2 Bb6 29. Qf3 Bd4 30. Rxa5 Rhb8 31. Rb1 f6 32. Kd1 Ra7 33. Rxa7 Qxa7 
34. b4 Rc8 35. Qb3 Bg1 36. Qd3 Kf7 37. g4 e4 38. Qxe4 Re8 39. Qd3 Be3 
40. Bc3 Bf2 41. Bd2 Be3 42. Bc3 Bf2 43. Bd2 Be3 1/2-1/2